 Dungeon Crawl Stone Soup version 0.28.0-43-g3370ac3207 (webtiles) character file.

Game seed: 11591490157383707771

2531 nickcage the Jinx (level 9, -4/39 HPs)
             Began as a Spriggan Conjurer on Mar 22, 2022.
             Was a Believer of Vehumet.
             Slain by an orc warrior
             ... wielding a +0 trident
              (11 damage)
             ... in a bailey.
             The game lasted 00:38:19 (8737 turns).

nickcage the Jinx (Spriggan Conjurer)               Turns: 8737, Time: 00:38:21

Health: -4/39      AC:  3    Str:  3    XL:     9   Next: 29%
Magic:  16/28      EV: 18    Int: 23    God:    Vehumet [**....]
Gold:   425        SH:  0    Dex: 20    Spells: 10/21 levels left

rFire   . . .      SeeInvis +   e - staff of poison
rCold   . . .      Faith    .   (shield currently unavailable)
rNeg    . . .      Spirit   .   E - +1 robe {Will+}
rPois   +          Reflect  .   (helmet restricted)
rElec   .          Harm     .   t - scarf {repulsion}
rCorr   .          Rampage  .   (gloves unavailable)
Will    ++...                   (boots unavailable)
Stlth   +++.......              (no amulet)
HPRegen 0.13/turn               b - +6 ring of dexterity
MPRegen 0.21/turn               D - ring of magical power

@: repel missiles, very quick
A: very small, no large weapons, unfitting armour, see invisible, speed 3
a: Renounce Religion


You were in a bailey.
You worshipped Vehumet.
Vehumet was pleased with you.
You visited 2 branches of the dungeon, and saw 8 of its levels.
You also visited: Bailey.

You collected 425 gold pieces.

Inventory:

Hand Weapons
 c - a +0 vorpal quarterstaff
Armour
 a - a +1 robe
 r - an orb of light
 t - a scarf of repulsion (worn)
 E - a +1 robe of willpower (worn)
Magical Staves
 e - a staff of poison (weapon)
Jewellery
 b - a +6 ring of dexterity (left hand)
 g - a +6 ring of dexterity
 i - a ring of resist corrosion
 D - a ring of magical power (right hand)
Wands
 y - a wand of polymorph (4)
 C - a wand of charming (11)
 F - a wand of iceblast (3)
Scrolls
 d - a scroll of immolation
 l - 2 scrolls of blinking {unknown}
 o - a scroll of holy word {unknown}
 q - a scroll of torment {unknown}
 u - a scroll of enchant armour
 v - a scroll of fear
 x - a scroll of vulnerability {unknown}
 z - a scroll of fog
Potions
 f - a potion of flight
 h - 3 potions of attraction
 j - 2 potions of might
 k - 4 potions of heal wounds
 m - 4 potions of haste
 n - a potion of lignification
 p - 2 potions of resistance
 s - 4 potions of curing
 w - 3 potions of brilliance
 A - a potion of ambrosia {unknown}
 B - 2 potions of berserk rage {unknown}


   Skills:
 - Level 0.1 Long Blades
 - Level 0.4(0.5) Slings
 - Level 0.1 Bows
 - Level 0.1(0.2) Throwing
 - Level 2.7 Dodging
 - Level 3.0 Stealth
 + Level 6.6 Spellcasting
 + Level 6.8 Conjurations
 * Level 8.6 Hexes
 - Level 0.3 Necromancy
 * Level 4.8 Translocations
 - Level 0.1 Transmutations
 - Level 0.1 Ice Magic
 - Level 0.1 Air Magic
 - Level 0.1 Earth Magic
 - Level 0.1 Invocations


You had 10 spell levels left.
You knew the following spells:

 Your Spells              Type           Power      Damage    Failure   Level
a - Magic Dart            Conj           100%       1d8       1%          1
b - Searing Ray           Conj           78%        2d7       1%          2
c - Fulminant Prism       Conj/Hex       21%        3d13      3%          4
d - Iskenderun's Mystic   Conj/Tloc      34%        2d8       7%          4

Your spell library contained the following spells:

 Spells                   Type           Power      Damage    Failure   Level
 Foxfire                  Conj/Fire      92%        2x1d8     1%          1
 Slow                     Hex            100%       N/A       1%          1
 Confusing Touch          Hex            47%        N/A       1%          3
 Dazzling Flash           Conj/Hex       86%        N/A       1%          3
 Summon Guardian Golem    Hex/Summ       27%        N/A       4%          3
 Conjure Flame            Conj/Fire      23%        6-21      6%          3
 Stone Arrow              Conj/Erth      46%        3d9       6%          3
 Sandblast                Erth           16%        2d6       8%          1
 Summon Small Mammal      Summ           28%        N/A       8%          1
 Passwall                 Tmut/Erth      6%         N/A       12%         2
 Sticky Flame             Conj/Fire      23%        2d4       19%         4
 Ozocubu's Armour         Ice            8%         N/A       22%         3
 Vampiric Draining        Necr           8%         2d6       22%         3
 Call Canine Familiar     Summ           7%         N/A       24%         3
 Ignite Poison            Fire/Tmut/Pois 11%        N/A       24%         3
 Animate Dead             Necr           4%         N/A       56%         4
 Borgnjor's Vile Clutch   Necr/Erth      4%         N/A       90%         5
 Death Channel            Necr           4%         N/A       100%        6
 Ozocubu's Refrigeration  Ice            4%         4d5       100%        7


Dungeon Overview and Level Annotations

Branches:
Dungeon (7/15)             Temple (1/1) D:5          Bailey (1/1)

Altars:
Ashenzari
Cheibriados
Dithmenos
Elyvilon
Gozag
Hepliaklqana
Makhleb
Qazlal
Sif Muna
Trog
Uskayaw
Vehumet
Wu Jian
Xom
Yredelemnul
The Shining One

Shops:
D:1 :   D:3 :   D:6 (   D:7 =

Annotations:
D:7 2 transporters, Icepheonix32's ghost, novice DsFi


Innate Abilities, Weirdness & Mutations

You are very small and have problems with some larger weapons.
You are too small for most types of armour.
You have supernaturally acute eyesight. (SInv)
You cover ground extremely quickly. (Speed+++)


Message History

(Press . to maintain the ray.)
The orc hits something with a +0 trident!
You hear an explosion!
The blast of energy engulfs the orc!!
You kill the orc!
Vehumet accepts your kill.
The blast of energy engulfs the orc!
You kill the orc!
Vehumet accepts your kill.
The blast of energy engulfs the orc warrior.
The orc warrior is lightly wounded.
The searing ray misses the orc warrior.
The searing ray misses the orc warrior.
The orc warrior misses you.
The searing ray hits the orc warrior.
The orc warrior is moderately wounded.
You finish channelling your searing ray.
The orc warrior hits you from afar with a +0 trident!
Casting: Searing Ray (safe; 1% risk of failure)
Confirm with . or Enter, or press ? or * to list all spells.
Aiming: Searing Ray (safe; 1% risk of failure)
Press: ? - help, Shift-Dir - straight line, f/p - orc warrior
Aim: an orc warrior, wielding a +0 trident and wearing a +0 plate armour (moderately wounded, 81% to hit)
The searing ray hits the orc warrior.
The orc warrior is heavily wounded. (Press . to maintain the ray.)
The orc warrior hits you from afar with a +0 trident!
The searing ray hits the orc warrior!
The orc warrior is severely wounded.
The searing ray hits the orc.
The orc is severely wounded.
The orc warrior hits you from afar with a +0 trident!
* * * LOW HITPOINT WARNING * * *
The searing ray hits the orc warrior but does no damage.
The orc warrior is severely wounded.
The searing ray hits the orc!
You kill the orc!
Vehumet accepts your kill.
You feel your power returning.
The orc warrior hits you from afar with a +0 trident!
You die...

############ .
##........∩.## ..
######.....#......#
#).#....#....###.....#
8.o'....'.....8.....∩#
#..#....#..)*###.....#
.. ######..)..#).....#
. ##..))o)@.∩.##
############


You could see an orc warrior.

Vanquished Creatures
  3 sky beasts (D:6)
  An orc warrior (Bailey)
  A black bear (D:7)
  2 necrophages (D:6)
  2 ice beasts
  8 ogres
  A phantom (D:5)
  A bullfrog (D:6)
  4 scorpions
  3 wights (D:7)
  3 hounds
  A jelly (D:5)
  A centaur skeleton (D:5)
  2 iguanas
  2 orc wizards (D:4)
  A hound zombie (D:5)
  A hound skeleton (D:4)
  Robin (D:2)
  6 gnolls
  8 adders
  An ufetubus (D:6)
  A dart slug (D:3)
  25 orcs
  4 ball pythons
  4 endoplasms
  4 giant cockroaches
  18 goblins
  10 hobgoblins
  9 kobolds
  4 quokkas
  7 bats
  A frilled lizard (D:2)
  8 rats
148 creatures vanquished.

Vanquished Creatures (others)
  A fulminant prism (Bailey)
  9 plants
10 creatures vanquished.

Grand Total: 158 creatures vanquished

Notes
Turn   | Place    | Note
-------+----------+-------------------------------------------
     0 | D:1      | nickcage the Spriggan Conjurer began the quest for the Orb.
     0 | D:1      | Reached XP level 1. HP: 9/9 MP: 5/5
   271 | D:1      | Found Soag Alu's Book Shoppe.
   281 | D:1      | Reached XP level 2. HP: 13/13 MP: 2/6
   823 | D:1      | Learned a level 2 spell: Searing Ray
  1222 | D:2      | Reached XP level 3. HP: 16/16 MP: 1/8
  1912 | D:2      | Noticed Robin
  2010 | D:2      | Killed Robin
  2011 | D:2      | Reached XP level 4. HP: 21/21 MP: 1/9
  2290 | D:2      | Learned a level 4 spell: Fulminant Prism
  2759 | D:3      | Found Cilocim's Book Emporium.
  3003 | D:3      | Found a faded altar of an unknown god.
  3039 | D:4      | Noticed an ogre
  3092 | D:4      | Killed an ogre
  3093 | D:4      | Reached skill level 2 in Hexes
  3093 | D:4      | Reached XP level 5. HP: 24/24 MP: 1/10
  3369 | D:4      | Reached skill level 3 in Hexes
  3430 | D:4      | Noticed an ogre
  3440 | D:4      | Killed an ogre
  3441 | D:4      | Reached skill level 4 in Hexes
  3441 | D:4      | Reached XP level 6. HP: 28/28 MP: 1/11
  3589 | D:4      | Reached skill level 5 in Hexes
  4096 | D:4      | Reached skill level 6 in Hexes
  4157 | D:4      | Reached XP level 7. HP: 32/32 MP: 5/12
  4311 | D:4      | Reached skill level 7 in Hexes
  4658 | D:5      | Entered Level 5 of the Dungeon
  4902 | D:5      | Found a staircase to the Ecumenical Temple.
  4913 | Temple   | Entered the Ecumenical Temple
  5018 | Temple   | Became a worshipper of Vehumet
  5500 | D:5      | Found a basalt altar of Yredelemnul.
  5738 | D:5      | Reached skill level 5 in Conjurations
  5743 | D:5      | Learned a level 4 spell: Iskenderun's Mystic Blast
  6084 | D:6      | Reached skill level 1 in Translocations
  6084 | D:6      | Reached XP level 8. HP: 20/36 MP: 5/15
  6377 | D:6      | Found Leot's Weapon Emporium.
  6501 | D:6      | Reached skill level 5 in Spellcasting
  6820 | D:6      | Reached skill level 8 in Hexes
  6914 | D:6      | Reached * piety under Vehumet
  6914 | D:6      | Offered knowledge of Foxfire by Vehumet.
  7683 | D:6      | Reached XP level 9. HP: 39/39 MP: 18/18
  7825 | D:7      | Found Eseuxt's Jewellery Boutique.
  7849 | D:7      | Noticed Icepheonix32's ghost (novice DsFi)
  8223 | D:7      | Found a transporter.
  8257 | D:7      | Found a transporter.
  8393 | D:7      | Found a flagged portal.
  8421 | Bailey   | Entered a bailey
  8737 | Bailey   | Reached ** piety under Vehumet
  8737 | Bailey   | Slain by an orc warrior

Illustrated notes

Levels and vault maps discovered:
D:1:      psy_arrival_dodecagon, layout_loops_ring, serial_shops, shop_fountains
D:2:      layout_basic, uniq_robin
D:3:      layout_basic, shapermc_ecumenical_altar_hornbeckon, serial_shops,
          nicolae_shop_trees
D:4:      layout_gridville, portal_sewer_entry_f, serial_co_window_serial,
          co_window_of_opportunity_a, co_window_cross_1,
          co_window_of_opportunity_a, co_window_paths_a, co_window_cross_1,
          co_window_2corner, co_window_of_opportunity_b, co_window_2corner,
          co_window_sun, glass_columns_a
D:5:      layout_loops_ring, amcnicky_altar_gilded,
          minmay_temple_entry_offerings, kennysheep_generic_room_15
D:6:      corexii_shack_village, layout_loops_cross, serial_shops,
          nicolae_shop_waterfront
D:7:      layout_rooms, enter_bailey_4, serial_shops, nicolae_shop_stone,
          gammafunk_ghost_gnarly_gnolls, minmay_stone_trees_medium
Temple:   nicolae_temple_elliptical
Bailey:   bailey_polearm_5, bailey

Skill      XL: |  1  2  3  4  5  6  7  8  9 |
---------------+----------------------------+-----
Conjurations   | 3 4 5 6 |  6.8
Hexes          | 2 4 6 7 8 |  8.6
Spellcasting   | 4 5 6 |  6.6
Translocations | 1 4 |  4.8
Long Blades    | |  0.1
Slings         | |  0.4
Bows           | |  0.1
Throwing       | |  0.1
Dodging        | |  2.7
Stealth        | |  3.0
Necromancy     | |  0.3
Transmutations | |  0.1
Ice Magic      | |  0.1
Air Magic      | |  0.1
Earth Magic    | |  0.1
Invocations    | |  0.1

Action                   |  1- 3 |  4- 6 |  7- 9 || total
-------------------------+-------+-------+-------++-------
Melee: Staff             |       |     6 |       ||     6
 Cast: Magic Dart        |    86 |    54 |    95 ||   235
       Searing Ray       |     2 |    13 |    50 ||    65
       Fulminant Prism   |       |       |     1 ||     1
  Use: Scroll            |       |     5 |     9 ||    14
Armor: Robe              |       |     1 |     7 ||     8
Dodge: Dodged            |       |    11 |    61 ||    72
